 Dungeon Crawl Stone Soup version 0.29-a0-892-g2c4c91d9db (webtiles) character file.

Game seed: 16582833958280597412

1295 frimble the Slasher (level 8, -1/60 HPs)
             Began as a Demonspawn Hedge Wizard on July 23, 2022.
             Was a Follower of Cheibriados.
             Killed by divine providence
             ... invoked by an orc priest
              (16 damage)
             ... on level 5 of the Dungeon.
             The game lasted 00:11:56 (6464 turns).

frimble the Slasher (Demonspawn Hedge Wizard)       Turns: 6464, Time: 00:11:57

Health: -1/60      AC: 13    Str: 12    XL:     8   Next: 30%
Magic:  6/12       EV: 12    Int: 20    God:    Cheibriados [*.....]
Gold:   156        SH:  0    Dex: 17    Spells: 10/13 levels left

rFire   . . .      SeeInvis .   k - +3 falchion (protect)
rCold   + . .      Faith    .   (no shield)
rNeg    . . .      Spirit   .   b - +0 robe
rPois   .          Reflect  .   e - +1 helmet
rElec   .          Harm     .   (no cloak)
rCorr   .          Rampage  .   (no gloves)
Will    .....                   m - +1 pair of boots
Stlth   +++.......              (no amulet)
HPRegen 0.20/turn               l - ring of protection from cold
MPRegen 0.13/turn               (no ring)

@: under a protective aura, very slow
A: thin skeletal structure 1, icemail 1, condensation shield, weakness stinger 1
a: Renounce Religion, Bend Time


You were on level 5 of the Dungeon.
You worshipped Cheibriados.
Cheibriados was aware of your devotion.
You visited 2 branches of the dungeon, and saw 8 of its levels.

You collected 156 gold pieces.

Inventory:

Hand Weapons
 k - a +3 falchion of protection (weapon)
Missiles
 c - a curare-tipped dart
 i - 15 poisoned darts
Armour
 b - a +0 robe (worn)
 e - a +1 helmet (worn)
 m - a +1 pair of boots (worn)
Jewellery
 l - a ring of protection from cold (left hand)
Wands
 j - a wand of polymorph (6)
Scrolls
 a - a scroll of magic mapping
Potions
 d - a potion of magic
 f - 2 potions of attraction
 g - a potion of flight {unknown}
 h - a potion of brilliance


   Skills:
 + Level 4.2 Fighting
 - Level 2.3(3.9) Short Blades
 - Level 4.8(5.1) Long Blades
 - Level 1.7 Dodging
 - Level 1.7 Stealth
 - Level 3.0 Spellcasting
 - Level 3.0 Conjurations
 - Level 1.0 Summonings
 - Level 3.5 Translocations
 - Level 4.0 Evocations


You had 10 spell levels left.
You knew the following spells:

 Your Spells              Type           Power      Damage    Failure   Level
a - Magic Dart            Conj           60%        1d6       4%          1
b - Blink                 Tloc           34%        N/A       4%          2

Your spell library contained the following spells:

 Spells                   Type           Power      Damage    Failure   Level
 Gell's Gravitas          Tloc           17%        N/A       10%         3
 Teleport Other           Tloc           17%        N/A       10%         3
 Necrotise                Necr           12%        1d4       14%         1
 Slow                     Hex            12%        N/A       14%         1
 Call Imp                 Summ           7%         N/A       14%         2
 Conjure Flame            Conj/Fire      9%         6-21      22%         3
 Dazzling Flash           Conj/Hex       18%        N/A       22%         3
 Mephitic Cloud           Conj/Pois/Air  7%         N/A       28%         3
 Inner Flame              Hex/Fire       3%         N/A       38%         3
 Vampiric Draining        Necr           3%         2d6       38%         3
 Cause Fear               Hex            1%         N/A       80%         4
 Agony                    Necr           3%         N/A       98%         5
 Silence                  Hex/Air        1%         N/A       98%         5
 Dispersal                Tloc           8%         N/A       99%         6
 Discord                  Hex            1%         N/A       100%        8


Dungeon Overview and Level Annotations

Branches:
Dungeon (7/15)             Temple (1/1) D:5

Altars:
Ashenzari
Cheibriados
Dithmenos
Fedhas
Gozag
Hepliaklqana
Kikubaaqudgha
Nemelex Xobeh
Okawaru
Ru
Sif Muna
Trog
Uskayaw
Vehumet
Wu Jian
Xom
Yredelemnul

Shops:
D:1 :([!

Annotations:
D:3 Pargi
D:4 1 transporter
D:5 2 runed translucent doors, exclusion: black bear, Wiilli's ghost, novice DrEE


Innate Abilities, Weirdness & Mutations

You have a somewhat thin skeletal structure. (Dex +2, Stealth+)
A meltable icy envelope protects you from harm. (AC +0)
A meltable shield of frost defends you. (SH +0)
You have a small tail.


Message History

You see here a +0 mace.
You closely miss something. Something hits you but does no damage.
Something barely misses you.
You completely miss something. Something completely misses you.
You slash something!
Your tail-slap misses something.
You hear some strange, mumbled words.
A puff of flame appears from out of thin air!
The puff of flame hits you!
Your icy defenses dissipate!
You miss something. Something hits you.
You feel less confused. Something hits you but does no damage.
Something hits you but does no damage.
An orc priest comes into view. It is wielding a +0 flail.
The orc shouts!
The orc priest shouts!
Something hits you.
You hear a shout!
You closely miss something. Something hits you.
You barely miss something. You tail-slap something.
Cheibriados thoroughly appreciates the change of pace.
Reactivating autopickup.
You feel a bit more experienced. The orc misses you.
The orc attacks as you move away! The orc hits you with a +0 hand axe.
The orc priest calls down the wrath of Beogh upon you.
Beogh smites you!
* * * LOW HITPOINT WARNING * * *
Things that are here:
a +0 dagger; a +0 robe; an orc corpse You hit the orc.
Your weapon exudes an aura of protection.
You kill the orc!
Cheibriados appreciates the change of pace.
Aiming: Polymorph
Press: ? - help, Shift-Dir - straight line Nothing appears to happen.
The orc priest hits you with a +0 flail.
* * * LOW HITPOINT WARNING * * *
The orc priest calls down the wrath of Beogh upon you.
Beogh smites you!
You die...

.......##......l.$.).............
.............................††..
.....##..........>...............
..#..# #.................####.###
.###..##.................# .....
.###.....................#...†...
..#...............g......#.......
...........................†._M.†
................@........#.....†.
...............))o.......#.......
.............)...........
.........................
......................... .##
............................ ...
..............>............. .##
............................
....................<....... #


You could see an orc priest and a gnoll.

Vanquished Creatures
  Grinder (D:5)
  Menkaure (D:5)
  A black bear (D:5)
  A centaur (D:5)
  A kobold brigand (D:6)
  A bullfrog (D:6)
  A gnoll sergeant (D:5)
  2 scorpions (D:6)
  A jelly (D:5)
  A gnoll bouda (D:5)
  An orc priest (D:5)
  3 hounds
  An iguana (D:6)
  4 orc wizards
  7 gnolls (D:5)
  3 adders
  An ufetubus (D:5)
  5 dart slugs
  23 orcs
  2 bats
  11 endoplasms
  6 giant cockroaches
  4 goblins
  7 hobgoblins
  2 quokkas
  6 ball pythons
  A frilled lizard (D:1)
  14 kobolds
  4 rats
116 creatures vanquished.

Vanquished Creatures (others)
  15 plants (D:2)
15 creatures vanquished.

Grand Total: 131 creatures vanquished

Notes
Turn   | Place    | Note
-------+----------+-------------------------------------------
     0 | D:1      | frimble the Demonspawn Hedge Wizard began the quest for the
                  | Orb.
     0 | D:1      | Reached XP level 1. HP: 13/13 MP: 4/4
     0 | D:1      | Found Sejoqoffi's Antique Armour Shop.
    70 | D:1      | Found Gacayts's Antique Weapon Shoppe.
   346 | D:1      | Gained mutation: A meltable shield of frost defends you.
                  | (SH +0) [demonic ancestry]
   346 | D:1      | Reached XP level 2. HP: 17/19 MP: 4/6
   387 | D:1      | Reached skill level 1 in Short Blades
   443 | D:1      | Found Pisyrrur's Book Shop.
   564 | D:1      | Found Radd's Distillery.
  1224 | D:2      | Reached XP level 3. HP: 17/24 MP: 1/7
  2312 | D:2      | Reached skill level 1 in Fighting
  2792 | D:3      | Gained mutation: A meltable icy envelope protects you from
                  | harm. (AC +0) [demonic ancestry]
  2792 | D:3      | Reached XP level 4. HP: 30/32 MP: 2/8
  3037 | D:3      | Noticed Pargi
  3147 | D:4      | Found a transporter.
  3299 | D:3      | Found an iron altar of Okawaru.
  3300 | D:3      | Identified the +5 spear of Roppomu {vorpal, Will+ rCorr
                  | SInv}
  3622 | D:4      | Noticed an ogre
  3650 | D:5      | Entered Level 5 of the Dungeon
  3691 | D:5      | Found a runed translucent door.
  3699 | D:5      | Noticed Wiilli's ghost (novice DrEE)
  3713 | D:5      | Reached skill level 1 in Long Blades
  3750 | D:5      | Noticed a black bear
  3784 | D:5      | Found a runed translucent door.
  3788 | D:5      | Found a hide-covered altar of Uskayaw.
  3796 | D:5      | Gained mutation: You have a small tail. [demonic ancestry]
  3796 | D:5      | Reached XP level 5. HP: 38/38 MP: 4/9
  3834 | D:5      | Noticed Menkaure
  3931 | D:5      | Found a shadowy altar of Dithmenos.
  3936 | D:5      | Noticed Grinder
  4116 | D:6      | Reached XP level 6. HP: 47/47 MP: 5/10
  4970 | D:6      | Learned a level 2 spell: Blink
  5185 | D:6      | Reached skill level 1 in Translocations
  5185 | D:6      | Reached XP level 7. HP: 54/54 MP: 11/11
  5191 | D:5      | Found a staircase to the Ecumenical Temple.
  5203 | Temple   | Entered the Ecumenical Temple
  5229 | Temple   | Became a worshipper of Cheibriados the Contemplative
  5907 | D:5      | Reached * piety under Cheibriados
  6427 | D:5      | Killed Grinder
  6428 | D:5      | Gained mutation: You have a somewhat thin skeletal
                  | structure. (Dex +2, Stealth+) [demonic ancestry]
  6428 | D:5      | Reached XP level 8. HP: 50/60 MP: 1/12
  6442 | D:5      | Killed Menkaure
  6464 | D:5      | Killed from afar by an orc priest

Illustrated notes

Levels and vault maps discovered:
D:1:      dpeg_arrival_connections, layout_rooms, serial_shops, shop, shop,
          shop_fountains, nicolae_shop_crystal, grunt_decor_resistance,
          chequers_serial_rivers_room_b
D:2:      layout_basic, serial_bayou, serial_bayou_crossing,
          serial_bayou_lagoon_a, serial_bayou_shore_b, serial_bayou_pond_b,
          grunt_ministairs_13, minmay_misc_feat_pillars
D:3:      layout_loops_ring, mainiacjoe_overflow_six_doors_small,
          okawaru_ov_weapons_minmay, uniq_ijyb, uniq_pargi
D:4:      gammafunk_wand_slinger, layout_cave_pools,
          lemuel_coloured_pillars_altar, grunt_ministairs_15,
          minmay_ogre_servants
D:5:      layout_layer_cave, nicolae_dithmenos_shadow_blocks,
          nicolae_uskayaw_murder_on_the_dancefloor, minmay_temple_entry_arrows,
          ebering_ghost_sewer_f, uniq_grinder, uniq_menkaure
D:6:      layout_layer_cave, mainiacjoe_overflow_boulevard
D:7:      minmay_polygon_palace, layout_cave_pods, makhleb_blood_cavern_becter
Temple:   hellmonk_temple_of_storms

Skill      XL: |  1  2  3  4  5  6  7  8 |
---------------+-------------------------+-----
Short Blades   | 1 2 |  2.3
Conjurations   | 2 3 |  3.0
Fighting       | 1 2 3 4 |  4.2
Long Blades    | 1 2 3 4 |  4.8
Translocations | 1 3 |  3.5
Evocations     | 2 4 |  4.0
Dodging        | |  1.7
Stealth        | |  1.7
Spellcasting   | |  3.0
Summonings     | |  1.0

Action                   |  1- 3 |  4- 6 |  7- 9 || total
-------------------------+-------+-------+-------++-------
Melee: Dagger            |   141 |    18 |       ||   159
       Punch             |     1 |     3 |     3 ||     7
       Falchion          |       |   142 |   147 ||   289
       Tailslap          |       |    12 |    20 ||    32
 Cast: Magic Dart        |    59 |    58 |    37 ||   154
Evoke: Wand              |       |       |     1 ||     1
  Use: Scroll            |     5 |     5 |     2 ||    12
       Potion            |     1 |     2 |     1 ||     4
 Stab: Sleeping          |     5 |     3 |       ||     8
Armor: Robe              |    34 |    75 |    83 ||   192
       Skin              |       |       |    16 ||    16
Dodge: Dodged            |    55 |   108 |   114 ||   277
Block: Other             |    24 |    37 |    21 ||    82

Table legend: (Time is in decaauts)
 A = Elapsed time spent in this place.
 B = Non-inter-level travel time spent in this place.
 C = Inter-level travel time spent in this place.
 D = Time resting spent in this place.
 E = Time spent auto-exploring this place.
 F = Levels seen in this place.
 G = Mean time per level.
                   A        B        C        D        E       F      G
               +--------+--------+--------+--------+--------+-----+--------+
         Total |   6666 |   6468 |    198 |    478 |   4702 |   8 |  833.2 |
       Dungeon |   6389 |   6246 |    143 |    478 |   4576 |   7 |  912.7 |
        Temple |    277 |    223 |     54 |      0 |    126 |   1 |  277.0 |
               +--------+--------+--------+--------+--------+-----+--------+

Top non-repeatable levels by time:
     D:2: 1603 daAuts
     D:6: 1453 daAuts
     D:5: 1268 daAuts
     D:1: 944 daAuts
     D:3: 821 daAuts
     D:4: 296 daAuts
  Temple: 277 daAuts
     D:7: 1 daAuts
